MLB
PHILADELPHIA PHILLIES @ COLORADO ROCKIES
05/20/2040
 
TOP OF THE 1ST
Philadelphia Phillies batting - Pitching for Colorado Rockies : RHP Erik Mullins
Pitching: RHP Erik Mullins
Batting: RHB B.J. Kaltsas 0-0: Called Strike
0-1: Swinging Strike
0-2: Ball
1-2: Ball
2-2: Fly out, F8 (Flyball, 8RXD, EV 89.4 MPH)
Batting: RHB Freddy Sanford 0-0: Ball
1-0: Called Strike
1-1: Ball
2-1: Called Strike
2-2: Ground out 5-3 (Groundball, 56, EV 86.9 MPH)
Batting: LHB Jose Sanchez 0-0: Ball
1-0: SINGLE (Line Drive, 89S, EV 107.5 MPH)
Batting: RHB Edgar Ramos 0-0: Fielders Choice at 2nd, U4 (Groundball, 4M, EV 106.3 MPH)
Top of the 1st over - 0 runs, 1 hit, 0 errors, 1 left on base; Philadelphia 0 - Colorado 0
BOTTOM OF THE 1ST
Colorado Rockies batting - Pitching for Philadelphia Phillies : RHP Joaquin Muniz
Pitching: RHP Joaquin Muniz
Batting: LHB Joe McCormick 0-0: Ball
1-0: DOUBLE (Flyball, 89D, EV 96.9 MPH)
Batting: RHB Eddie Zahrt 0-0: Ball
1-0: Foul Ball, location: 7LSF
1-1: Foul Ball, location: 2RF
1-2: Ball
2-2: Fly out, F8 (Flyball, 8RM, EV 90.0 MPH)
Batting: RHB Victor Nieves 0-0: Called Strike
0-1: Ball
1-1: Foul Ball, location: 2F
1-2: Ball
2-2: Foul Ball, location: 23F
2-2: Ball
3-2: Foul Ball, location: 2F
3-2: Base on Balls
Batting: LHB Zac Veen 0-0: Ball
1-0: Ball
2-0: Ball
3-0: Called Strike
3-1: Foul Ball, location: 7LDF
3-2: Foul Ball, location: 3DF
3-2: Foul Ball, location: 23F
3-2: Fielders Choice at 2nd, U6 (Groundball, P, EV 78.8 MPH)
Joe McCormick to third
Batting: LHB Pete Larmore 0-0: Ball
1-0: DOUBLE (Flyball, 8LXD, EV 103.1 MPH)
Joe McCormick scores
Zac Veen to third
Runner from 3rd tries for Home, SAFE, throw by CF to home
Batting: RHB Jim Marcum 0-0: Fly out, F8 (Line Drive, 8RD, EV 108.8 MPH)
Bottom of the 1st over - 2 runs, 2 hits, 0 errors, 1 left on base; Philadelphia 0 - Colorado 2
TOP OF THE 2ND
Philadelphia Phillies batting - Pitching for Colorado Rockies : RHP Erik Mullins
Batting: RHB Danny Perez 0-0: Called Strike
0-1: Ball
1-1: Ball
2-1: Ball
3-1: Base on Balls
Batting: SHB Chris Robbins 0-0: Grounds into double play, U6-3 (Groundball, 4MD, EV 108.1 MPH)
Batting: RHB Danny Rodriguez 0-0: Ground out 3-1 (Groundball, 13, EV 90.6 MPH)
Top of the 2nd over - 0 runs, 0 hits, 0 errors, 0 left on base; Philadelphia 0 - Colorado 2
BOTTOM OF THE 2ND
Colorado Rockies batting - Pitching for Philadelphia Phillies : RHP Joaquin Muniz
Batting: LHB Rich Acevedo 0-0: Swinging Strike
0-1: SINGLE (Flyball, 56D, EV 95.6 MPH)
Batting: LHB Jonathan Peterson 0-0: Ball
1-0: Swinging Strike
1-1: Fielders Choice at 2nd, 4-6 (Groundball, 4, EV 85.0 MPH)
Batting: SHB Cliff McElroy 0-0: Called Strike
Jonathan Peterson steals 2nd base
0-1: Called Strike
0-2: Ball
1-2: Ball
2-2: Hit by Pitch
Batting: LHB Joe McCormick 0-0: Ball
1-0: Ball
2-0: Ball
3-0: Called Strike
3-1: Base on Balls
Jonathan Peterson to third
Cliff McElroy to second
Batting: RHB Eddie Zahrt 0-0: Ball
1-0: Called Strike
1-1: Ball
2-1: Called Strike
2-2: Foul Ball, location: 5F
2-2: Ball
3-2: SINGLE (Flyball, 4MD, EV 98.1 MPH)
Jonathan Peterson scores
Cliff McElroy to third
Joe McCormick to second
Batting: RHB Victor Nieves 0-0: Ball
1-0: Called Strike
1-1: Called Strike
1-2: Foul Ball, location: 9LMF
1-2: DOUBLE (Line Drive, 5D, EV 100.6 MPH)
Cliff McElroy scores
Joe McCormick scores
Eddie Zahrt to third
Runner from 3rd tries for Home, SAFE, throw by LF to home
Pitching: LHP Willie Soto
Batting: LHB Zac Veen 0-0: Called Strike
0-1: Ball
1-1: Ball
2-1: Swinging Strike
2-2: Foul Ball, location: 25F
2-2: Strikes out swinging
Batting: LHB Pete Larmore 0-0: Foul Ball, location: 9LSF
0-1: Ball
1-1: Ball
2-1: Ball
3-1: Base on Balls
Batting: RHB Jim Marcum 0-0: Ball
1-0: Ball
2-0: Foul Ball, location: 2F
2-1: Swinging Strike
2-2: Ground out U3 (Groundball, 34, EV 100.6 MPH)
Bottom of the 2nd over - 4 runs, 3 hits, 0 errors, 2 left on base; Philadelphia 0 - Colorado 6
TOP OF THE 3RD
Philadelphia Phillies batting - Pitching for Colorado Rockies : RHP Erik Mullins
Batting: RHB Dario Pasolini 0-0: Ground out 6-3 (Groundball, 6, EV 90.6 MPH)
Batting: RHB Art Tolliver 0-0: Called Strike
0-1: Ball
1-1: Fly out, F4 (Popup, 13, EV 75.0 MPH)
Batting: RHB B.J. Kaltsas 0-0: Called Strike
0-1: SINGLE (Groundball, 23, EV 66.3 MPH) (infield hit)
Batting: RHB Freddy Sanford 0-0: Ball
1-0: Ball
2-0: Fly out, F8 (Line Drive, 8LM, EV 106.9 MPH)
Top of the 3rd over - 0 runs, 1 hit, 0 errors, 1 left on base; Philadelphia 0 - Colorado 6
BOTTOM OF THE 3RD
Colorado Rockies batting - Pitching for Philadelphia Phillies : LHP Willie Soto
Batting: LHB Rich Acevedo 0-0: Fly out, F5 (Popup, 5L, EV 70.6 MPH)
Batting: LHB Jonathan Peterson 0-0: Ball
1-0: Called Strike
1-1: Foul Ball, location: 9LSF
1-2: Strikes out swinging
Batting: SHB Cliff McElroy 0-0: Called Strike
0-1: Foul Ball, location: 2F
0-2: Fly out, F4 (Popup, 4S, EV 68.1 MPH)
Bottom of the 3rd over - 0 runs, 0 hits, 0 errors, 0 left on base; Philadelphia 0 - Colorado 6
TOP OF THE 4TH
Philadelphia Phillies batting - Pitching for Colorado Rockies : RHP Erik Mullins
Batting: LHB Jose Sanchez 0-0: Swinging Strike
0-1: Swinging Strike
0-2: Ball
1-2: Fly out, F9 (Flyball, 9D, EV 85.6 MPH)
Batting: RHB Edgar Ramos 0-0: Foul Ball, location: 5FF
0-1: Swinging Strike
0-2: Ball
1-2: Strikes out swinging
Batting: RHB Danny Perez 0-0: Ball
1-0: Called Strike
1-1: Ball
2-1: Called Strike
2-2: Ground out U3 (Groundball, 3, EV 83.1 MPH)
Top of the 4th over - 0 runs, 0 hits, 0 errors, 0 left on base; Philadelphia 0 - Colorado 6
BOTTOM OF THE 4TH
Colorado Rockies batting - Pitching for Philadelphia Phillies : LHP Willie Soto
Batting: LHB Joe McCormick 0-0: Called Strike
0-1: Ball
1-1: Ground out 4-3 (Groundball, 34, EV 96.9 MPH)
Batting: RHB Eddie Zahrt 0-0: Foul Ball, location: 9LMF
0-1: Ball
1-1: Ball
2-1: Ball
3-1: Called Strike
3-2: Strikes out swinging
Batting: RHB Victor Nieves 0-0: Called Strike
0-1: DOUBLE (Flyball, 8RXD, EV 110.6 MPH)
Pitching: RHP Devin Snider
Batting: LHB Zac Veen 0-0: Ball
1-0: Ball
2-0: Ball
3-0: Base on Balls
Batting: LHB Pete Larmore 0-0: Foul Ball, location: 23F
0-1: Swinging Strike
0-2: Ball
1-2: Foul Ball, location: 2F
1-2: Ball
2-2: Foul Ball, location: 2F
2-2: Fly out, F7 (Flyball, 78M, EV 86.3 MPH)
Bottom of the 4th over - 0 runs, 1 hit, 0 errors, 2 left on base; Philadelphia 0 - Colorado 6
TOP OF THE 5TH
Philadelphia Phillies batting - Pitching for Colorado Rockies : RHP Erik Mullins
Batting: SHB Chris Robbins 0-0: Ball
1-0: Swinging Strike
1-1: Swinging Strike
1-2: DOUBLE (Line Drive, 89D, EV 105.0 MPH)
Batting: RHB Danny Rodriguez 0-0: Ball
1-0: Fly out, F9 (Flyball, 9LM, EV 88.1 MPH)
Batting: RHB Dario Pasolini 0-0: Ball
1-0: Called Strike
1-1: SINGLE (Groundball, 6MD, EV 80.0 MPH)
Chris Robbins to third
Runner from 3rd tries for Home, SAFE, throw by CF to home
Batting: RHB Art Tolliver 0-0: Fly out, F7 (Flyball, 7S, EV 85.0 MPH)
Batting: RHB B.J. Kaltsas 0-0: Called Strike
0-1: Foul Ball, location: 7LDF
0-2: Ball
1-2: Foul Ball, location: 9LDF
1-2: SINGLE (Line Drive, 8LS, EV 87.5 MPH)
Dario Pasolini to second
Runner from 2nd tries for 3rd, SAFE, no throw by CF
Batting: RHB Freddy Sanford 0-0: Foul Ball, location: 3SF
0-1: Swinging Strike
0-2: Foul Ball, location: 2F
0-2: Ball
1-2: SINGLE (Line Drive, 34D, EV 103.1 MPH)
Dario Pasolini scores
B.J. Kaltsas to second
Runner from 2nd tries for 3rd, SAFE, no throw by RF
Batting: LHB Jose Sanchez 0-0: Ball
1-0: Ball
2-0: Called Strike
2-1: SINGLE (Line Drive, 7S, EV 91.3 MPH)
B.J. Kaltsas scores
Freddy Sanford to second
Batting: RHB Edgar Ramos 0-0: Ball
1-0: Ball
2-0: Ball
3-0: Called Strike
3-1: Fly out, F9 (Flyball, 9LS, EV 78.1 MPH)
Top of the 5th over - 3 runs, 5 hits, 0 errors, 2 left on base; Philadelphia 3 - Colorado 6
BOTTOM OF THE 5TH
Colorado Rockies batting - Pitching for Philadelphia Phillies : RHP Devin Snider
Batting: RHB Jim Marcum 0-0: Ball
1-0: Swinging Strike
1-1: Ball
2-1: SINGLE (Groundball, 4MD, EV 105.0 MPH)
Batting: LHB Rich Acevedo 0-0: Ball
1-0: Foul Ball, location: 9LDF
1-1: 2-RUN HOME RUN (Flyball, 7D, EV 98.1 MPH), Distance : 369 ft
Batting: LHB Jonathan Peterson 0-0: Ball
1-0: Ball
2-0: Called Strike
2-1: Fly out, F8 (Flyball, 8LD, EV 89.4 MPH)
Batting: SHB Cliff McElroy 0-0: Ball
1-0: Called Strike
1-1: Ground out 4-3 (Groundball, 4S, EV 85.0 MPH)
Batting: LHB Joe McCormick 0-0: Ball
1-0: Ground out U3 (Groundball, 3, EV 110.0 MPH)
Bottom of the 5th over - 2 runs, 2 hits, 0 errors, 0 left on base; Philadelphia 3 - Colorado 8
TOP OF THE 6TH
Philadelphia Phillies batting - Pitching for Colorado Rockies : RHP Erik Mullins
Batting: RHB Danny Perez 0-0: Foul Ball, location: 5FF
0-1: Ball
1-1: Foul Ball, location: 5F
1-2: SINGLE (Line Drive, 6M, EV 100.0 MPH)
Batting: SHB Chris Robbins 0-0: Ball
1-0: Ball
2-0: Swinging Strike
2-1: Ball
3-1: Base on Balls
Danny Perez to second
Batting: RHB Danny Rodriguez 0-0: Ball
1-0: Called Strike
1-1: Swinging Strike
1-2: Ball
Wild Pitch!
Danny Perez to third
Chris Robbins to second
2-2: Ball
3-2: Base on Balls
Pitching: RHP Jim Kruse
Batting: RHB Dario Pasolini 0-0: Called Strike
0-1: Swinging Strike
0-2: Ball
1-2: Foul Ball, location: 5FF
1-2: Ball
2-2: Ball
3-2: Base on Balls
Danny Perez scores
Chris Robbins to third
Danny Rodriguez to second
Batting: RHB Art Tolliver 0-0: SINGLE (Groundball, 5D, EV 101.9 MPH)
Chris Robbins scores
Danny Rodriguez to third
Dario Pasolini to second
Batting: RHB B.J. Kaltsas 0-0: Foul Ball, location: 3F
0-1: Foul Ball, location: 2F
0-2: Strikes out swinging
Batting: RHB Freddy Sanford 0-0: Called Strike
0-1: SINGLE (Flyball, 9LS, EV 93.8 MPH)
Danny Rodriguez scores
Dario Pasolini to third
Art Tolliver to second
Batting: LHB Jose Sanchez 0-0: Ball
1-0: Ball
2-0: Ball
3-0: Base on Balls
Dario Pasolini scores
Art Tolliver to third
Freddy Sanford to second
Batting: RHB Edgar Ramos 0-0: Ball
1-0: Called Strike
1-1: Called Strike
1-2: Fly out, F8 (Flyball, 8LM, EV 80.6 MPH)
Batting: RHB Danny Perez 0-0: Fly out, F8 (Flyball, 8LD, EV 106.9 MPH)
Top of the 6th over - 4 runs, 3 hits, 0 errors, 3 left on base; Philadelphia 7 - Colorado 8
BOTTOM OF THE 6TH
Colorado Rockies batting - Pitching for Philadelphia Phillies : RHP Devin Snider
Pitching: RHP Brad Vaughn
Batting: RHB Eddie Zahrt 0-0: Ball
1-0: Ball
2-0: Called Strike
2-1: Called Strike
2-2: Strikes out swinging
Batting: RHB Victor Nieves 0-0: Ball
1-0: Swinging Strike
1-1: Foul Ball, location: 2LF
1-2: Ball
2-2: Ball
3-2: Foul Ball, location: 7LSF
3-2: DOUBLE (Line Drive, 7LD, EV 99.4 MPH)
Batting: LHB Zac Veen 0-0: Ball
1-0: Ball
2-0: 2-RUN HOME RUN (Line Drive, 89XD, EV 110.0 MPH), Distance : 448 ft
Batting: LHB Pete Larmore 0-0: SINGLE (Line Drive, 89S, EV 102.5 MPH)
Batting: RHB Jim Marcum 0-0: Fly out, F4 (Popup, 4, EV 64.4 MPH)
Batting: LHB Rich Acevedo 0-0: Ball
1-0: Foul Ball, location: 2RF
1-1: Fly out, F5 (Popup, 6, EV 80.0 MPH)
Bottom of the 6th over - 2 runs, 3 hits, 0 errors, 1 left on base; Philadelphia 7 - Colorado 10
TOP OF THE 7TH
Philadelphia Phillies batting - Pitching for Colorado Rockies : RHP Jim Kruse
Batting: SHB Chris Robbins 0-0: Ball
1-0: Ball
2-0: Swinging Strike
2-1: Ball
3-1: Base on Balls
Batting: RHB Danny Rodriguez 0-0: Ball
1-0: Called Strike
1-1: TRIPLE (Line Drive, 9D, EV 105.6 MPH)
Chris Robbins scores
Batting: RHB Dario Pasolini 0-0: Ball
1-0: Swinging Strike
1-1: Ball
2-1: Swinging Strike
2-2: Ball
3-2: Strikes out swinging
Batting: RHB Art Tolliver 0-0: Called Strike
0-1: Ball
1-1: Ball
2-1: Ball
3-1: Base on Balls
Batting: RHB B.J. Kaltsas 0-0: Called Strike
0-1: Foul Ball, location: 3SF
0-2: SINGLE (Line Drive, 9LS, EV 98.8 MPH)
Danny Rodriguez scores
Art Tolliver to second
Pitching: RHP Kevin Cuadrado
Batting: RHB Freddy Sanford 0-0: Ball
1-0: Ball
2-0: Grounds into double play, 1-6-3 (Groundball, 13S, EV 66.3 MPH)
Top of the 7th over - 2 runs, 2 hits, 0 errors, 1 left on base; Philadelphia 9 - Colorado 10
BOTTOM OF THE 7TH
Colorado Rockies batting - Pitching for Philadelphia Phillies : RHP Brad Vaughn
Pitching: RHP Tommy Greer
Batting: LHB Jonathan Peterson 0-0: SINGLE (Line Drive, 89S, EV 93.8 MPH)
Batting: SHB Cliff McElroy 0-0: Swinging Strike
0-1: Foul Ball, location: 5SF
0-2: Fielders Choice at 2nd, 4-6 (Groundball, 34S, EV 83.8 MPH)
Batting: LHB Joe McCormick 0-0: Swinging Strike
0-1: Swinging Strike
0-2: Ball
1-2: Foul Ball, location: 2F
1-2: Foul Ball, location: 5DF
1-2: Strikes out swinging
Batting: RHB Eddie Zahrt 0-0: Ball
1-0: Hit by Pitch
Cliff McElroy to second
Batting: RHB Victor Nieves 0-0: Swinging Strike
0-1: Called Strike
0-2: Ball
1-2: Ball
2-2: Ball
3-2: Strikes out swinging
Bottom of the 7th over - 0 runs, 1 hit, 0 errors, 2 left on base; Philadelphia 9 - Colorado 10
TOP OF THE 8TH
Philadelphia Phillies batting - Pitching for Colorado Rockies : RHP Kevin Cuadrado
Pitching: LHP Gabe Wingen
Batting: RHB Hector Rodriguez 0-0: Ball
1-0: Foul Ball, location: 25F
1-1: Ball
2-1: DOUBLE (Line Drive, 78XD, EV 109.4 MPH)
Batting: RHB Edgar Ramos 0-0: Foul Ball, location: 7LMF
0-1: Foul Ball, location: 25F
0-2: Ball
1-2: Foul Ball, location: 2F
1-2: Ground out 4-3 (Groundball, 34, EV 103.8 MPH)
Hector Rodriguez to third
Batting: RHB Danny Perez 0-0: Ball
1-0: Ball
2-0: Foul Ball, location: 9LSF
2-1: Fly out, F8 (Line Drive, 8RM, EV 91.3 MPH)
Runner from 3rd tags up, SCORES, throw by CF
Batting: SHB Chris Robbins 0-0: Ball
1-0: Ball
2-0: DOUBLE (Flyball, 8RXD, EV 105.0 MPH)
Batting: RHB Danny Rodriguez 0-0: Ball
1-0: Foul Ball, location: 5FF
1-1: Called Strike
1-2: Strikes out looking
Top of the 8th over - 1 run, 2 hits, 0 errors, 1 left on base; Philadelphia 10 - Colorado 10
BOTTOM OF THE 8TH
Colorado Rockies batting - Pitching for Philadelphia Phillies : RHP Tommy Greer
Batting: LHB Zac Veen 0-0: Ball
1-0: Swinging Strike
1-1: Foul Ball, location: 9LDF
1-2: Ball
2-2: Strikes out swinging
Batting: LHB Pete Larmore 0-0: Ball
1-0: Called Strike
1-1: Ball
2-1: Ball
3-1: Base on Balls
Pinch Hitting: LHB Chad Todd 0-0: Ball
1-0: Grounds into double play, 3-6-3 (Groundball, 34, EV 101.9 MPH)
Bottom of the 8th over - 0 runs, 0 hits, 0 errors, 0 left on base; Philadelphia 10 - Colorado 10
TOP OF THE 9TH
Philadelphia Phillies batting - Pitching for Colorado Rockies : LHP Gabe Wingen
Now at 1B: Chad Todd
Batting: RHB Dario Pasolini 0-0: Ball
1-0: Foul Ball, location: 3F
1-1: Swinging Strike
1-2: Foul Ball, location: 2F
1-2: Strikes out swinging
Batting: RHB Art Tolliver 0-0: Ball
1-0: Called Strike
1-1: Fly out, F3 (Popup, 3L, EV 68.8 MPH)
Batting: RHB B.J. Kaltsas 0-0: Ball
1-0: Called Strike
1-1: Called Strike
1-2: Foul Ball, location: 2F
1-2: Ball
2-2: Foul Ball, location: 2F
2-2: Ball
3-2: Foul Ball, location: 9LDF
3-2: SINGLE (Line Drive, 78M, EV 105.6 MPH)
Pitching: LHP Mike Catlin
Batting: RHB Freddy Sanford 0-0: Ball
1-0: Foul Ball, location: 2F
1-1: Swinging Strike
1-2: Fly out, F7 (Line Drive, 7S, EV 96.9 MPH)
Top of the 9th over - 0 runs, 1 hit, 0 errors, 1 left on base; Philadelphia 10 - Colorado 10
BOTTOM OF THE 9TH
Colorado Rockies batting - Pitching for Philadelphia Phillies : RHP Tommy Greer
Batting: LHB Rich Acevedo 0-0: Ball
1-0: Swinging Strike
1-1: Foul Ball, location: 2F
1-2: Fly out, F8 (Flyball, 8RD, EV 103.1 MPH)
Batting: LHB Jonathan Peterson 0-0: Fly out, F7 (Line Drive, 78M, EV 86.9 MPH)
Pinch Hitting: LHB Raul Silva 0-0: Called Strike
0-1: Ball
1-1: Swinging Strike
1-2: Ball
2-2: Foul Ball, location: 2F
2-2: Foul Ball, location: 7LMF
2-2: Fly out, F7 (Flyball, 78M, EV 88.1 MPH)
Bottom of the 9th over - 0 runs, 0 hits, 0 errors, 0 left on base; Philadelphia 10 - Colorado 10
TOP OF THE 10TH
Philadelphia Phillies batting - Pitching for Colorado Rockies : LHP Mike Catlin
Now at C: Jesus Rodriguez
Batting: RHB Hector Rodriguez 0-0: Ground out 5-3 (Groundball, 56, EV 100.6 MPH)
Batting: RHB Edgar Ramos 0-0: Ball
1-0: SINGLE (Groundball, 56D, EV 98.1 MPH)
Batting: RHB Danny Perez 0-0: Ball
1-0: Swinging Strike
1-1: Fly out, F8 (Line Drive, 8LD, EV 91.9 MPH)
Batting: SHB Chris Robbins 0-0: Ball
1-0: Ball
Edgar Ramos steals 2nd base
2-0: Ball
3-0: Called Strike
3-1: SINGLE (Line Drive, 56D, EV 98.1 MPH)
Edgar Ramos to third
Runner from 3rd tries for Home, SAFE, throw by LF to home
Batting: RHB Danny Rodriguez 0-0: Ball
1-0: Called Strike
1-1: SINGLE (Groundball, 6MD, EV 98.8 MPH)
Chris Robbins to second
Batting: RHB Dario Pasolini 0-0: Called Strike
0-1: Swinging Strike
0-2: Fly out, F9 (Flyball, 9, EV 81.9 MPH)
Top of the 10th over - 1 run, 3 hits, 0 errors, 2 left on base; Philadelphia 11 - Colorado 10
BOTTOM OF THE 10TH
Colorado Rockies batting - Pitching for Philadelphia Phillies : RHP Tommy Greer
Pitching: RHP Cesar Mendez
Batting: LHB Joe McCormick 0-0: Ball
1-0: Ball
2-0: Called Strike
2-1: Ground out 5-3 (Groundball, 56, EV 106.3 MPH)
Batting: RHB Eddie Zahrt 0-0: Ball
1-0: SINGLE (Line Drive, 9S, EV 93.1 MPH)
Batting: RHB Victor Nieves 0-0: Ball
1-0: Swinging Strike
1-1: Ball
2-1: Ball
3-1: Base on Balls
Eddie Zahrt to second
Batting: LHB Zac Veen 0-0: Foul Ball, location: 3FF
0-1: Foul Ball, location: 2F
0-2: SINGLE (Groundball, 4MD, EV 97.5 MPH)
Eddie Zahrt to third
Victor Nieves to second
Runner from 3rd tries for Home, SAFE, throw by CF to home
Pinch Runner at 2nd Bill Garza:
Batting: LHB Pete Larmore 0-0: Ball
Wild Pitch!
Bill Garza to third
Zac Veen to second
1-0: Called Strike
1-1: Foul Ball, location: 2F
1-2: Ball
2-2: Strikes out swinging
Batting: LHB Chad Todd 0-0: Fly out, F7 (Line Drive, 78M, EV 110.0 MPH)
Bottom of the 10th over - 1 run, 2 hits, 0 errors, 2 left on base; Philadelphia 11 - Colorado 11
TOP OF THE 11TH
Philadelphia Phillies batting - Pitching for Colorado Rockies : LHP Mike Catlin
Pitching: RHP Tim Rawnsley
Pinch Hitting: SHB Brad Rivers 0-0: Called Strike
0-1: Swinging Strike
0-2: Strikes out looking
Batting: RHB B.J. Kaltsas 0-0: Ball
1-0: Ball
2-0: Called Strike
2-1: Swinging Strike
2-2: Foul Ball, location: 2F
2-2: Strikes out swinging
Batting: RHB Freddy Sanford 0-0: Fly out, F8 (Flyball, 8RD, EV 100.6 MPH)
Top of the 11th over - 0 runs, 0 hits, 0 errors, 0 left on base; Philadelphia 11 - Colorado 11
BOTTOM OF THE 11TH
Colorado Rockies batting - Pitching for Philadelphia Phillies : RHP Cesar Mendez
Pitching: LHP Danny Foster
Now at C: Steve Hill
Batting: LHB Rich Acevedo 0-0: SINGLE (Line Drive, 4D, EV 94.4 MPH)
Batting: LHB Jonathan Peterson 0-0: Called Strike
0-1: Bunted foul
0-2: Ball
1-2: Ball
2-2: Foul Ball, location: 2F
2-2: Grounds into double play, 4-6-3 (Groundball, 3, EV 84.4 MPH)
Batting: SHB Jesus Rodriguez 0-0: Called Strike
0-1: Ball
1-1: Ball
2-1: Swinging Strike
2-2: Foul Ball, location: 9LDF
2-2: Ball
3-2: Base on Balls
Batting: LHB Joe McCormick 0-0: Hit by Pitch
Jesus Rodriguez to second
Batting: RHB Eddie Zahrt 0-0: Called Strike
0-1: Foul Ball, location: 25F
0-2: Ball
1-2: Foul Ball, location: 5FF
1-2: Strikes out swinging
Bottom of the 11th over - 0 runs, 1 hit, 0 errors, 2 left on base; Philadelphia 11 - Colorado 11
TOP OF THE 12TH
Philadelphia Phillies batting - Pitching for Colorado Rockies : RHP Tim Rawnsley
Batting: RHB Hector Rodriguez 0-0: Ball
1-0: Ball
2-0: Called Strike
2-1: Foul Ball, location: 3FF
2-2: Ball
3-2: Foul Ball, location: 9LMF
3-2: Strikes out swinging
Batting: RHB Edgar Ramos 0-0: Ball
1-0: Called Strike
1-1: SINGLE (Groundball, 4MD, EV 108.1 MPH)
Batting: RHB Danny Perez 0-0: Fly out, F7 (Flyball, 7D, EV 103.8 MPH)
Batting: SHB Chris Robbins 0-0: Called Strike
0-1: SINGLE (Groundball, 6MD, EV 108.1 MPH)
Edgar Ramos to second
Runner from 2nd tries for 3rd, SAFE, throw by CF made to third
Batting: RHB Danny Rodriguez 0-0: Foul Ball, location: 2F
0-1: Ball
1-1: Ball
2-1: Fly out, F8 (Flyball, 8RM, EV 82.5 MPH)
Top of the 12th over - 0 runs, 2 hits, 0 errors, 2 left on base; Philadelphia 11 - Colorado 11
BOTTOM OF THE 12TH
Colorado Rockies batting - Pitching for Philadelphia Phillies : LHP Danny Foster
Batting: RHB Bill Garza 0-0: Ball
1-0: Ball
2-0: Called Strike
2-1: Foul Ball, location: 5SF
2-2: Strikes out swinging
Batting: LHB Zac Veen 0-0: Ball
1-0: Called Strike
1-1: Ball
2-1: Ball
3-1: TRIPLE (Line Drive, 78XD, EV 110.6 MPH)
Pitching: RHP Max Williams
Batting: LHB Pete Larmore 0-0: Called Strike
0-1: Foul Ball, location: 5F
0-2: Strikes out swinging
Batting: LHB Chad Todd 0-0: Ball
1-0: Foul Ball, location: 2F
1-1: Ball
2-1: Fly out, F8 (Flyball, 78D, EV 102.5 MPH)
Bottom of the 12th over - 0 runs, 1 hit, 0 errors, 1 left on base; Philadelphia 11 - Colorado 11
TOP OF THE 13TH
Philadelphia Phillies batting - Pitching for Colorado Rockies : RHP Tim Rawnsley
Pitching: LHP Alex Correa
Batting: RHB Dario Pasolini 0-0: Ball
1-0: Ball
2-0: Fly out, F8 (Flyball, 8LM, EV 78.8 MPH)
Batting: RHB Steve Hill 0-0: Ball
1-0: Ball
2-0: Ground out 5-3 (Groundball, 5S, EV 73.8 MPH)
Batting: RHB B.J. Kaltsas 0-0: Foul Ball, location: 2F
0-1: Foul Ball, location: 9LMF
0-2: Ball
1-2: Ball
2-2: Foul Ball, location: 2F
2-2: Foul Ball, location: 7LSF
2-2: Ball
3-2: DOUBLE (Flyball, 78D, EV 97.5 MPH)
Batting: RHB Freddy Sanford 0-0: Ball
1-0: Ball
2-0: Called Strike
2-1: Swinging Strike
2-2: Strikes out looking
Top of the 13th over - 0 runs, 1 hit, 0 errors, 1 left on base; Philadelphia 11 - Colorado 11
BOTTOM OF THE 13TH
Colorado Rockies batting - Pitching for Philadelphia Phillies : RHP Max Williams
Batting: LHB Rich Acevedo 0-0: Fly out, F5 (Flyball, 5D, EV 86.3 MPH)
Batting: LHB Jonathan Peterson 0-0: Foul Ball, location: 3F
0-1: Ball
1-1: Foul Ball, location: 2F
1-2: Foul Ball, location: 9LMF
1-2: Ball
2-2: Ground out 2-3 (Groundball, 13S, EV 61.9 MPH)
Batting: SHB Jesus Rodriguez 0-0: Called Strike
0-1: Foul Ball, location: 7LDF
0-2: Fly out, F7 (Flyball, 7, EV 90.6 MPH)
Bottom of the 13th over - 0 runs, 0 hits, 0 errors, 0 left on base; Philadelphia 11 - Colorado 11
TOP OF THE 14TH
Philadelphia Phillies batting - Pitching for Colorado Rockies : LHP Alex Correa
Batting: RHB Hector Rodriguez 0-0: Ball
1-0: Ball
2-0: Ground out 5-3 (Groundball, 56, EV 85.6 MPH)
Batting: RHB Edgar Ramos 0-0: Foul Ball, location: 25FF
0-1: Foul Ball, location: 2F
0-2: Ball
1-2: Ball
2-2: Foul Ball, location: 2F
2-2: Ball
3-2: Strikes out swinging
Batting: RHB Danny Perez 0-0: Ball
1-0: Foul Ball, location: 2F
1-1: Ball
2-1: Fly out, F7 (Line Drive, 7, EV 98.1 MPH)
Top of the 14th over - 0 runs, 0 hits, 0 errors, 0 left on base; Philadelphia 11 - Colorado 11
BOTTOM OF THE 14TH
Colorado Rockies batting - Pitching for Philadelphia Phillies : RHP Max Williams
Batting: LHB Joe McCormick 0-0: Called Strike
0-1: Ground out 4-3 (Groundball, 4, EV 87.5 MPH)
Batting: RHB Eddie Zahrt 0-0: Swinging Strike
0-1: Ball
1-1: Called Strike
1-2: Strikes out swinging
Batting: RHB Bill Garza 0-0: DOUBLE (Line Drive, 7LM, EV 109.4 MPH)
Batting: LHB Zac Veen 0-0: Foul Ball, location: 25F
0-1: Ball
1-1: Called Strike
1-2: Strikes out looking
Bottom of the 14th over - 0 runs, 1 hit, 0 errors, 1 left on base; Philadelphia 11 - Colorado 11
TOP OF THE 15TH
Philadelphia Phillies batting - Pitching for Colorado Rockies : LHP Alex Correa
Batting: SHB Chris Robbins 0-0: Swinging Strike
0-1: Ball
1-1: Ball
2-1: Foul Ball, location: 7LMF
2-2: Foul Ball, location: 5DF
2-2: Ball
3-2: Base on Balls
Batting: RHB Danny Rodriguez 0-0: Ball
1-0: Ball
Wild Pitch!
Chris Robbins to second
2-0: Intentional Walk
Pitching: RHP Danny Hoppmann
Batting: RHB Dario Pasolini 0-0: Reached on error, E1 (Groundball, 13, EV 0.0 MPH)
Chris Robbins to third
Danny Rodriguez to second
Batting: RHB Steve Hill 0-0: Swinging Strike
0-1: Swinging Strike
0-2: Strikes out swinging
Batting: RHB B.J. Kaltsas 0-0: Ball
1-0: Swinging Strike
1-1: Ball
2-1: Called Strike
2-2: Foul Ball, location: 9LSF
2-2: Strikes out swinging
Batting: RHB Freddy Sanford 0-0: Fly out, F3 (Popup, 3F, EV 68.1 MPH)
Top of the 15th over - 0 runs, 0 hits, 1 error, 3 left on base; Philadelphia 11 - Colorado 11
BOTTOM OF THE 15TH
Colorado Rockies batting - Pitching for Philadelphia Phillies : RHP Max Williams
Batting: LHB Pete Larmore 0-0: SINGLE (Flyball, 6MD, EV 94.4 MPH)
Batting: LHB Chad Todd 0-0: Foul Ball, location: 2F
0-1: Called Strike
0-2: Fly out, F9 (Line Drive, 9S, EV 93.1 MPH)
Pitching: RHP Christiaan Shotton
Batting: LHB Rich Acevedo 0-0: Foul Ball, location: 2F
0-1: Ball
1-1: Ball
2-1: Foul Ball, location: 5F
2-2: Ball
3-2: Base on Balls
Pete Larmore to second
Batting: LHB Jonathan Peterson 0-0: Called Strike
0-1: Ball
1-1: Ball
2-1: Ball
3-1: Swinging Strike
3-2: Strikes out swinging
Batting: SHB Jesus Rodriguez 0-0: Ball
1-0: Foul Ball, location: 2F
1-1: Ball
2-1: Ball
3-1: Base on Balls
Pete Larmore to third
Rich Acevedo to second
Batting: LHB Joe McCormick 0-0: Ground out 4-3 (Groundball, 34, EV 102.5 MPH)
Bottom of the 15th over - 0 runs, 1 hit, 0 errors, 3 left on base; Philadelphia 11 - Colorado 11
TOP OF THE 16TH
Philadelphia Phillies batting - Pitching for Colorado Rockies : RHP Danny Hoppmann
Batting: RHB Hector Rodriguez 0-0: Ball
1-0: Foul Ball, location: 25F
1-1: Called Strike
1-2: Ball
2-2: Foul Ball, location: 5DF
2-2: Ground out U3 (Groundball, 34S, EV 68.1 MPH)
Batting: RHB Edgar Ramos 0-0: Fly out, F8 (Flyball, 8LD, EV 100.0 MPH)
Batting: RHB Danny Perez 0-0: Fly out, F7 (Line Drive, 7, EV 96.9 MPH)
Top of the 16th over - 0 runs, 0 hits, 0 errors, 0 left on base; Philadelphia 11 - Colorado 11
BOTTOM OF THE 16TH
Colorado Rockies batting - Pitching for Philadelphia Phillies : RHP Christiaan Shotton
Batting: RHB Eddie Zahrt 0-0: SINGLE (Groundball, 34D, EV 96.3 MPH)
Batting: RHB Bill Garza 0-0: Ball
1-0: Ball
2-0: Ball
3-0: Base on Balls
Eddie Zahrt to second
Batting: LHB Zac Veen 0-0: Ball
1-0: Foul Ball, location: 2F
1-1: Swinging Strike
1-2: Strikes out swinging
Batting: LHB Pete Larmore 0-0: Ball
1-0: Called Strike
1-1: Ball
2-1: Ball
3-1: SINGLE (Line Drive, 4MD, EV 93.8 MPH)
Eddie Zahrt to third
Bill Garza to second
Runner from 3rd tries for Home, SAFE, throw by CF to home
Bottom of the 16th over - 1 run, 2 hits, 0 errors, 2 left on base; Philadelphia 11 - Colorado 12
Tuesday, May 28th , 2024 - OOTP Baseball 24.10 Build 82